 Dungeon Crawl Stone Soup version 0.30-a0-772-g5528072125 (webtiles) character file.

Game seed: 13381619978225928237

8618 avis the Skirmisher (level 10, -2/83 HPs)
             Began as a Demigod Hunter on Feb 12, 2023.
             Slain by a troll (5 damage)
             ... on level 8 of the Dungeon.
             The game lasted 00:53:39 (8936 turns).

avis the Skirmisher (Demigod Hunter)                Turns: 8936, Time: 00:53:40

Health: -2/83      AC:  6    Str: 12    XL:     10   Next: 88%
Magic:  10/13      EV: 16    Int: 11    God:
Gold:   563        SH:  0    Dex: 29    Spells: 1/9 levels left

rFire   . . .      SeeInvis .    b - +2 sling (drain)
rCold   . . .      Faith    .    (no shield)
rNeg    . . .      Spirit   .    c - +0 leather armour
rPois   .          Reflect  .    l - +0 helmet
rElec   .          Harm     .    r - +0 cloak
rCorr   .          Rampage  .    e - +0 pair of gloves
Will    ++...                    (no boots)
Stlth   +++                      M - amulet of the acrobat
HPRegen 0.33/turn                B - ring of willpower
MPRegen 0.13/turn                (no ring)

@: very slightly contaminated
A: high MP 1, forlorn, divine attributes
a: no special abilities


You were on level 8 of the Dungeon.
You visited 2 branches of the dungeon, and saw 10 of its levels.
You also visited: Ossuary.

You collected 563 gold pieces.

Inventory:

Hand Weapons
 a - a +2 dagger of venom
 b - a +2 sling of draining (weapon)
 w - a +1 dagger of electrocution
Missiles
 C - 29 poisoned darts
 J - 5 boomerangs of dispersal
 S - a curare-tipped dart
Armour
 c - a +0 leather armour (worn)
 e - a +0 pair of gloves (worn)
 l - a +0 helmet (worn)
 r - a +0 cloak (worn)
Jewellery
 B - a ring of willpower (left hand)
 M - an amulet of the acrobat (around neck)
 R - a ring of fire
Wands
 z - a wand of mindburst (18)
 K - a wand of acid (11)
 O - a wand of flame (34)
Scrolls
 d - 4 scrolls of enchant armour {unknown}
 f - a scroll of immolation
 i - 2 scrolls of vulnerability {unknown}
 k - a scroll of amnesia {unknown}
 m - 2 scrolls of fear {unknown}
 v - 4 scrolls of poison {unknown}
 x - 3 scrolls of teleportation {unknown}
 y - a scroll of noise {unknown}
 D - 2 scrolls of enchant weapon {unknown}
 H - a scroll of summoning
 I - a scroll of silence {unknown}
Potions
 h - a potion of flight
 n - 2 potions of cancellation
 p - a potion of ambrosia
 s - 3 potions of haste
 t - 3 potions of lignification
 u - a potion of curing
 A - 2 potions of magic
 F - 2 potions of berserk rage
 G - a potion of mutation {unknown}


   Skills:
 * Level 5.9 Fighting
 - Level 14.3 Ranged Weapons
 - Level 5.0 Dodging
 - Level 4.0 Stealth


You had one spell level left.
You knew the following spells:

 Your Spells              Type           Power      Damage    Failure   Level
b - Blink                 Tloc           0%         N/A       56%         2
e - Wereblood             Tmut           0%         N/A       56%         2
m - Manifold Assault      Tloc           0%         N/A       99%         4

Your spell library contained the following spells:

 Spells                   Type           Power      Damage    Failure   Level
 Beastly Appendage        Tmut           0%         N/A       41%         1
 Magic Dart               Conj           0%         1d3       41%         1
 Shock                    Conj/Air       0%         1d3       41%         1
 Call Imp                 Summ           0%         N/A       56%         2
 Cigotuvi's Dreadful Rot  Necr/Pois/Air  0%         N/A       56%         2
 Poisonous Vapours        Pois/Air       0%         N/A       56%         2
 Inner Flame              Hex/Fire       0%         N/A       80%         3
 Mephitic Cloud           Conj/Pois/Air  0%         N/A       80%         3
 Spider Form              Tmut/Pois      0%         N/A       80%         3
 Swiftness                Air            0%         N/A       80%         3
 Airstrike                Air            0%         2d(0-16)  99%         4
 Flame Wave               Conj/Fire      0%         2d4       99%         4
 Sticky Flame             Conj/Fire      0%         2d3       99%         4
 Agony                    Necr           0%         N/A       100%        5
 Haunt                    Necr/Summ      0%         N/A       100%        7
 Storm Form               Tmut/Air       0%         N/A       100%        7
 Necromutation            Tmut/Necr      0%         N/A       100%        8


Dungeon Overview and Level Annotations

Branches:
Dungeon (9/15)             Temple (1/1) D:4         Ossuary (visited)
   Lair: D:8-11         Orc: D:9-12

Shops:
D:8 =

Annotations:
D:6 1 runed translucent door, avis's ghost, novice DgHu


Innate Abilities, Weirdness & Mutations

You have an increased reservoir of magic. (+10% MP)
You shall have no god before yourself.
Your divine heritage dramatically boosts your attributes as you level up.


Message History

You shoot a sling bullet. The sling bullet hits the troll.
The troll is severely wounded.
The troll completely misses you. x2; The troll barely misses you.
The troll attacks as you move away! The troll bites you!
* * * LOW HITPOINT WARNING * * *
The troll completely misses you. x2
You feel stable enough to blink again.
Things that are here:
a +0 whip; a +0 giant spiked club; a gnoll skeleton The troll attacks as you move away!
The troll completely misses you. x3
You feel better. The troll bites you but does no damage. The troll claws you.
* * * LOW HITPOINT WARNING * * *
The troll completely misses you.
Fire: b) +2 sling (drain)
Press: ? - help, Q - select action, (/) - cycle Shift-Dir - straight line, f/p - gnoll
Aim: a gnoll, wielding a +0 whip (76% to hit)
You shoot a sling bullet. The sling bullet hits the troll.
The troll is heavily wounded.
The troll bites you but does no damage. The troll closely misses you.
The troll claws you.
* * * LOW HITPOINT WARNING * * *
Fire: b) +2 sling (drain)
Press: ? - help, Q - select action, (/) - cycle Shift-Dir - straight line, f - troll, p - gnoll
Aim: a troll (heavily wounded, lightly drained, 73% to hit)
You shoot a sling bullet.
The sling bullet hits the troll but does no damage.
You drain the troll.
The troll is heavily wounded.
The troll bites you.
* * * LOW HITPOINT WARNING * * *
The troll claws you but does no damage. The troll misses you.
Okay, then.
Casting: Blink (dangerous; 56% risk of failure)
Confirm with . or Enter, or press ? or * to list all spells.
You miscast Blink.
You are very lightly contaminated with residual magic.
Nothing appears to happen.
The troll closely misses you. The troll claws you.
* * * LOW HITPOINT WARNING * * *
The troll claws you.
You die...

..........#.........>.....## #...
###.#...).#)[#.........[..# ##...
# #.##....#)>..#..........###....
# #.##.)......................#..
#.##......###...............#..
###.###.....###..#.####..........
....# ##....##..g..##.........#..
....# ##...)..#T###..##......###
...######..##)>#@##......######
......................####
.<[#................#####
............##...#..###.# ####
##......................# #...
###).##.................######...
....................#.......##...
......######..).....##.####......
.#....## #.........#.#######...


You could see a troll (drained) and a gnoll.

Vanquished Creatures
  Pikel (D:5)
  A wraith (D:7)
  A black bear (D:4)
  2 sky beasts (D:8)
  3 ogres
  10 centaurs
  2 phantoms
  2 kobold brigands
  A gnoll sergeant (D:8)
  A necrophage (D:5)
  3 bullfrogs
  2 scorpions (D:4)
  2 water moccasin zombies (Ossuary)
  4 wights
  11 killer bees
  4 howler monkeys
  2 centaur zombies (Ossuary)
  An iron imp (D:8)
  A bullfrog zombie (Ossuary)
  2 gnoll boudas
  2 jellies
  7 orc priests
  Terence (D:3)
  2 scorpion zombies (Ossuary)
  6 iguanas
  3 orc wizards
  2 ogre zombies (Ossuary)
  11 gnolls
  9 adders
  A shadow imp (D:5)
  An ufetubus (D:5)
  6 adder zombies (Ossuary)
  A dart slug (D:2)
  23 orcs
  8 endoplasms
  7 giant cockroaches
  5 gnoll zombies
  11 goblins
  8 hobgoblins
  7 jackals
  8 quokkas
  4 ball pythons
  3 bats
  5 frilled lizards
  A goblin zombie (Ossuary)
  A hobgoblin zombie (Ossuary)
  15 kobolds
  4 orc zombies (Ossuary)
  26 rats
244 creatures vanquished.

Vanquished Creatures (others)
  5 fungi (D:7)
5 creatures vanquished.

Grand Total: 249 creatures vanquished

Notes
Turn   | Place    | Note
-------+----------+-------------------------------------------
     0 | D:1      | avis the Demigod Hunter began the quest for the Orb.
     0 | D:1      | Reached XP level 1. HP: 17/17 MP: 3/3
     0 | D:1      | Noticed a jelly
     1 | D:1      | Found a runed translucent door.
   134 | D:1      | Reached skill level 4 in Ranged Weapons
   134 | D:1      | Reached skill level 1 in Stealth
   134 | D:1      | Reached XP level 2. HP: 24/24 MP: 4/4
   880 | D:2      | Reached XP level 3. HP: 29/29 MP: 5/5
  1090 | D:2      | Reached skill level 5 in Ranged Weapons
  1173 | D:2      | Reached XP level 4. HP: 33/36 MP: 6/6
  1766 | D:3      | Reached XP level 5. HP: 35/41 MP: 7/7
  1855 | D:3      | You fall into a shaft and drop 3 floors!
  1873 | D:6      | Reached skill level 6 in Ranged Weapons
  1896 | D:6      | Reached XP level 6. HP: 47/51 MP: 8/8
  1988 | D:5      | Entered Level 5 of the Dungeon
  2104 | D:5      | Identified the +0 ring mail of the Lost Curses {rElec}
  2217 | D:4      | Found a sand-covered staircase.
  2234 | Ossuary  | Entered an ossuary
  2367 | Ossuary  | Reached skill level 7 in Ranged Weapons
  2374 | Ossuary  | Reached XP level 7. HP: 57/57 MP: 9/9
  2692 | Ossuary  | Reached skill level 8 in Ranged Weapons
  2714 | Ossuary  | Noticed a silent spectre
  2986 | D:3      | Noticed Terence
  2996 | D:3      | Killed Terence
  3041 | D:3      | Got Kikubaaqudgha's Discursus on Necromancy
  4093 | D:4      | Found a staircase to the Ecumenical Temple.
  4097 | Temple   | Entered the Ecumenical Temple
  4171 | D:5      | Noticed Pikel
  4178 | D:4      | Reached XP level 8. HP: 60/66 MP: 10/10
  4530 | D:5      | Killed Pikel
  4531 | D:5      | Reached skill level 9 in Ranged Weapons
  4556 | D:5      | Noticed a +0 hand axe
  4557 | D:5      | Noticed a +0 hand axe
  5244 | D:5      | Reached skill level 10 in Ranged Weapons
  5681 | D:6      | Found a runed translucent door.
  5688 | D:6      | Noticed avis's ghost (novice DgHu)
  5938 | D:6      | Reached skill level 5 in Fighting
  5938 | D:6      | Reached XP level 9. HP: 74/74 MP: 11/11
  6054 | D:6      | Reached skill level 5 in Dodging
  7215 | D:7      | Reached skill level 11 in Ranged Weapons
  7619 | D:8      | Found Pamokieff's Jewellery Emporium.
  7679 | D:8      | Reached skill level 14 in Ranged Weapons
  7679 | D:8      | Reached XP level 10. HP: 81/81 MP: 13/13
  8262 | Temple   | Learned a level 2 spell: Blink
  8265 | Temple   | Learned a level 2 spell: Wereblood
  8270 | Temple   | Learned a level 4 spell: Manifold Assault
  8936 | D:8      | HP: 3/83 [troll (5)]
  8936 | D:8      | Slain by a troll

Illustrated notes

Levels and vault maps discovered:
D:1:      dpeg_arrival_caged_fury, layout_basic, minmay_tetromino_l4
D:2:      layout_rooms
D:3:      layout_loops_ring, nicolae_overflow_hidden_temple, old_standard_altar,
          minmay_rat_hole, uniq_terence
D:4:      layout_basic, mainiacjoe_overflow_small_starburst, temple_statues,
          enter_ossuary_3, kennysheep_orc_chapel
D:5:      layout_basic, mainiacjoe_overflow_alcove_2, xom_redecorated,
          dancing_weapons_uskayaw, uniq_pikel
D:6:      layout_cave_pools, ebering_ghost_sewer_d, centaur_isle
D:7:      layout_basic, mainiacjoe_overflow_boulevard, tso_metal_star,
          grunt_ministairs_1
D:8:      layout_rooms, nicolae_vehumet_radiance, slow_altar_1, serial_shops,
          shop
D:9:      layout_grid_maze, lemuel_crystal_altar,
          kennysheep_orc_monster_closet_entryway, uniq_prince_ribbit1
Temple:   hellmonk_temple_two_chambers

Skill      XL: |  1  2  3  4  5  6  7  8  9 |
---------------+----------------------------+-----
Fighting       | 2 3 4 5 |  5.9
Ranged Weapons | 4 5 6 7 8 10 14 | 14.3
Dodging        | 2 3 4 5 |  5.0
Stealth        | 1 2 3 4 |  4.0

Action                     |  1- 3 |  4- 6 |  7- 9 | 10-12 || total
---------------------------+-------+-------+-------+-------++-------
   Fire: Shortbow          |    60 |       |       |       ||    60
         Sling             |    52 |   187 |   459 |    94 ||   792
  Throw: Dart              |       |       |     3 |       ||     3
   Cast: Blink             |       |       |       |     1 ||     1
    Use: Scroll            |       |       |    12 |       ||    12
         Potion            |       |       |     4 |     1 ||     5
 Armour: Leather armour    |    24 |    31 |    66 |    20 ||   141
  Dodge: Dodged            |    33 |    43 |   267 |   130 ||   473

Table legend: (Time is in decaauts)
 A = Elapsed time spent in this place.
 B = Non-inter-level travel time spent in this place.
 C = Inter-level travel time spent in this place.
 D = Time resting spent in this place.
 E = Time spent auto-exploring this place.
 F = Levels seen in this place.
 G = Mean time per level.
                   A        B        C        D        E       F      G
               +--------+--------+--------+--------+--------+-----+--------+
         Total |   8985 |   8218 |    767 |   1888 |   3687 |  11 |  816.8 |
       Dungeon |   8415 |   7651 |    764 |   1627 |   3687 |   9 |  935.0 |
        Temple |     40 |     38 |      2 |      0 |      0 |   1 |   40.0 |
       Ossuary |    529 |    529 |      0 |    261 |      0 |   1 |  529.0 |
               +--------+--------+--------+--------+--------+-----+--------+

Top non-repeatable levels by time:
     D:6: 1275 daAuts
     D:5: 1267 daAuts
     D:7: 1186 daAuts
     D:1: 1094 daAuts
     D:4: 1002 daAuts
     D:8: 918 daAuts
     D:3: 857 daAuts
     D:2: 601 daAuts
 Ossuary: 529 daAuts
     D:9: 211 daAuts
  Temple: 40 daAuts
